 Dungeon Crawl Stone Soup version 0.29.0-4-gdea44cf6ec (webtiles) character file.

Game seed: 15536503288918100223

3097 qw the Cleaver (level 9, -18/57 HPs)
             Began as a Gargoyle Delver on Sept 10, 2022.
             Was a Priest of Okawaru.
             Engulfed by a cloud of flame (25 damage)
             ... on level 7 of the Dungeon.
             The game lasted 00:02:54 (9476 turns).

qw the Cleaver (Gargoyle Delver)                    Turns: 9476, Time: 00:02:54

Health: -18/57     AC: 24    Str: 19    XL:     9   Next: 90%
Magic:  12/12      EV:  6    Int: 12    God:    Okawaru [***...]
Gold:   284        SH:  0    Dex: 11    Spells: 8/8 levels left

rFire   . . .      SeeInvis .   n - +1 war axe
rCold   . . .      Faith    .   (no shield)
rNeg    + + .      Spirit   .   a - +0 plate armour
rPois   inf        Reflect  .   (no helmet)
rElec   +          Harm     .   (no cloak)
rCorr   .          Rampage  .   i - +0 pair of gloves
Will    .....                   (no boots)
Stlth   ..........              (no amulet)
HPRegen 0.19/turn               e - ring of positive energy
MPRegen 0.13/turn               m - +4 ring of protection

@: no status effects
A: sickness immunity, AC +6, negative energy resistance 1, electricity
resistance, torment resistance 1, petrification resistance
a: Renounce Religion, Heroism


You were on level 7 of the Dungeon.
You worshipped Okawaru.
Okawaru was most pleased with you.
You visited 2 branches of the dungeon, and saw 8 of its levels.

You collected 284 gold pieces.


Innate Abilities, Weirdness & Mutations

You are immune to sickness and miasma.
Your stone body is resilient. (AC +6)
You are immune to poison.
You resist negative energy. (rN+)
You are resistant to electric shocks. (rElec)
You are resistant to unholy torment.
You are immune to petrification.


   Skills:
 - Level 7.1 Fighting
 + Level 9.0 Axes
 - Level 2.0 Throwing
 - Level 6.2 Armour
 - Level 1.5 Dodging
 - Level 5.4 Stealth
 - Level 4.1 Invocations


You had 8 spell levels left.
You didn't know any spells.
Your spell library was empty.

Inventory:

Hand Weapons
 c - a +0 hand axe of flaming
 n - a +1 war axe (weapon)
Missiles
 b - 3 boomerangs
 h - 2 javelins (quivered)
Armour
 a - a +0 plate armour (worn)
 i - a +0 pair of gloves (worn)
Jewellery
 e - a ring of positive energy (left hand)
 m - a +4 ring of protection (right hand)
Wands
 g - a wand of digging (3)
Scrolls
 d - 7 scrolls of identify
Potions
 f - 3 potions of haste
 j - a potion of curing
 k - 2 potions of might
 l - a potion of mutation

Dungeon Overview and Level Annotations

Branches:
Dungeon (7/15)             Temple (1/1) D:4

Altars:
Ashenzari
Cheibriados
Dithmenos
Elyvilon
Fedhas
Gozag
Hepliaklqana
Kikubaaqudgha
Makhleb
Nemelex Xobeh
Okawaru
Qazlal
Ru
Sif Muna
Trog
Uskayaw
Vehumet
Wu Jian
Xom
Zin
The Shining One
Lugonu

Annotations:
D:7 1 runed translucent door, Crazy Yiuf


Message History

You see here a +1 dagger of speed.
Found a rapier.
h - a javelin
Found a chain mail.
h - 2 javelins (gained 1)
You now have 284 gold pieces (gained 9).
You see here a +0 rapier.
You enter a teleport trap!
The teleport trap disappears.
Your surroundings suddenly seem different.
You see here a +0 plate armour.
You're in a travel-excluded area, stopping explore.
You're in a travel-excluded area, stopping explore.
You're in a travel-excluded area, stopping explore.
9444 ||| Stepping randomly (stuck).
You're in a travel-excluded area, stopping explore.
You're in a travel-excluded area, stopping explore.
9445 ||| Stepping randomly (stuck).
Really walk into that cloud of flame?
You are engulfed in blazing flames.
You're standing in a cloud of flame!
You're standing in a cloud of flame!
9446 ||| Stepping randomly (cloudy).
You are engulfed in blazing flames.
You're standing in a cloud of flame!
You are engulfed in blazing flames.
You start resting.
You're standing in a cloud of flame!
You're standing in a cloud of flame!
You are engulfed in blazing flames.
You start resting.
You're standing in a cloud of flame!
You're standing in a cloud of flame!
You are engulfed in blazing flames.
You start resting.
You're standing in a cloud of flame!
You're standing in a cloud of flame!
You are engulfed in blazing flames.
You're standing in a cloud of flame!
You are engulfed in blazing flames.
You die...

))) ######.# ##¤# #.....##....
)))# #......#########.###.##....
).)# #.....00¤.#8#....# #.##....
#### #......#########.# #.##....
#......# ##¤# #[# #.##....
#######......# #¤# #.# #.##....
....##.......####¤####.# #.######
....##.........00000...# #.# #...
.....#.......#.0@00##### #.###.##
.....'.........0.###########...##
.....#.......#...###.....###.....
.....#...........##..._...##.....
.....#...........#.._...8..##....
#....#...........#....#....##.)))
#....#####.......#._.###._.#....)
#....# #####...#...##....#..)##
#....# #####...#.._..#...#


There were no monsters in sight!

Vanquished Creatures
  A steam dragon (D:7)
  A water moccasin (D:7)
  A sky beast (D:7)
  4 black bears
  6 ice beasts
  3 ogres
  3 phantoms
  A bullfrog (D:7)
  2 necrophages
  A gnoll sergeant (D:6)
  A scorpion (D:5)
  8 wights
  A howler monkey (D:5)
  3 hounds
  An orc priest (D:5)
  2 gnoll boudas
  Ijyb (D:5)
  2 iguanas
  3 orc wizards
  16 gnolls
  4 adders
  An ufetubus (D:6)
  3 worms
  A dart slug (D:3)
  12 orcs
  8 ball pythons
  8 endoplasms
  2 giant cockroaches
  6 goblins
  6 hobgoblins
  15 kobolds
  4 quokkas
  3 frilled lizards
  7 rats
141 creatures vanquished.

Vanquished Creatures (others)
  46 plants
46 creatures vanquished.

Grand Total: 187 creatures vanquished

Notes
Turn   | Place    | Note
-------+----------+-------------------------------------------
     0 | D:5      | qw the Gargoyle Delver began the quest for the Orb.
     0 | D:5      | Reached XP level 1. HP: 14/14 MP: 1/1
     0 | D:5      | 0 ||| qw: Version: 0.1-a-116-g5d60599
     0 | D:5      | 0 ||| qw: Game counter: 7909
     0 | D:5      | 0 ||| qw: Always use a shield: true
     0 | D:5      | 0 ||| qw: God list: Okawaru
     0 | D:5      | 0 ||| qw: Allow faded altars: false
     0 | D:5      | 0 ||| qw: Do Orc after D:15 true
     0 | D:5      | 0 ||| qw: Do second Lair branch before Depths: true
     0 | D:5      | 0 ||| qw: Lair rune preference: random
     0 | D:5      | 0 ||| qw: Plans: Normal
     0 | D:5      | 0 ||| PLANNING D:1-11
    39 | D:5      | Reached skill level 2 in Axes
    39 | D:5      | Reached XP level 2. HP: 14/19 MP: 2/2
   145 | D:5      | Reached skill level 3 in Axes
   145 | D:5      | Reached XP level 3. HP: 14/23 MP: 3/3
   290 | D:5      | 290 ||| DROPPING scroll of fog.
   291 | D:5      | 291 ||| DROPPING scroll of magic mapping.
   292 | D:5      | 292 ||| DROPPING scroll of fear.
   330 | D:4      | Reached XP level 4. HP: 19/28 MP: 4/4
   481 | D:4      | Reached skill level 4 in Axes
   509 | D:4      | 509 ||| Stepping ~*~*~tactically~*~*~ (stealth).
   513 | D:4      | 513 ||| Stepping ~*~*~tactically~*~*~ (stealth).
   514 | D:4      | 514 ||| UPGRADING to +0 ring mail.
   524 | D:4      | 524 ||| DROPPING +0 leather armour.
   525 | D:4      | 525 ||| UPGRADING to ring of positive energy.
   526 | D:4      | 526 ||| READING scroll labelled XEGIWA GUUPT.
   528 | D:4      | 528 ||| Stepping ~*~*~tactically~*~*~ (stealth).
   547 | D:4      | 547 ||| Stepping ~*~*~tactically~*~*~ (stealth).
   549 | D:4      | 549 ||| Stepping ~*~*~tactically~*~*~ (stealth).
   569 | D:4      | 569 ||| Stepping ~*~*~tactically~*~*~ (stealth).
   570 | D:4      | 570 ||| Stepping ~*~*~tactically~*~*~ (stealth).
   575 | D:4      | 575 ||| Stepping ~*~*~tactically~*~*~ (stealth).
   620 | D:4      | 620 ||| Stepping ~*~*~tactically~*~*~ (stealth).
   621 | D:4      | 621 ||| Stepping ~*~*~tactically~*~*~ (stealth).
   622 | D:4      | 622 ||| Stepping ~*~*~tactically~*~*~ (stealth).
   624 | D:4      | 624 ||| Stepping ~*~*~tactically~*~*~ (stealth).
   625 | D:4      | 625 ||| Stepping ~*~*~tactically~*~*~ (stealth).
   762 | D:4      | 762 ||| READING scroll labelled FITAUS XEITU.
   820 | D:1      | Found a faded altar of an unknown god.
   900 | D:1      | 900 ||| Stepping ~*~*~tactically~*~*~ (stealth).
   902 | D:1      | 902 ||| Stepping ~*~*~tactically~*~*~ (stealth).
   905 | D:1      | 905 ||| Stepping ~*~*~tactically~*~*~ (stealth).
   907 | D:1      | 907 ||| Stepping ~*~*~tactically~*~*~ (stealth).
   909 | D:1      | 909 ||| Stepping ~*~*~tactically~*~*~ (hiding).
  1025 | D:1      | 1025 ||| Stepping ~*~*~tactically~*~*~ (stealth).
  1026 | D:1      | 1026 ||| Stepping ~*~*~tactically~*~*~ (stealth).
  1032 | D:1      | Reached skill level 1 in Armour
  1033 | D:1      | 1033 ||| Stepping ~*~*~tactically~*~*~ (stealth).
  1034 | D:1      | 1034 ||| Stepping ~*~*~tactically~*~*~ (stealth).
  1048 | D:1      | 1048 ||| DROPPING +0 club.
  1154 | D:1      | 1154 ||| Stepping ~*~*~tactically~*~*~ (stealth).
  1205 | D:1      | 1205 ||| Stepping ~*~*~tactically~*~*~ (stealth).
  1356 | D:1      | 1356 ||| Stepping ~*~*~tactically~*~*~ (water).
  1385 | D:1      | 1385 ||| Stepping ~*~*~tactically~*~*~ (stealth).
  1390 | D:1      | 1390 ||| Stepping ~*~*~tactically~*~*~ (stealth).
  1391 | D:1      | 1391 ||| Stepping ~*~*~tactically~*~*~ (stealth).
  1392 | D:1      | 1392 ||| Stepping ~*~*~tactically~*~*~ (stealth).
  1393 | D:1      | 1393 ||| Stepping ~*~*~tactically~*~*~ (stealth).
  1417 | D:1      | 1417 ||| Stepping ~*~*~tactically~*~*~ (stealth).
  1564 | D:1      | 1564 ||| Stepping ~*~*~tactically~*~*~ (stealth).
  1598 | D:1      | Reached skill level 1 in Throwing
  1751 | D:1      | 1751 ||| READING scroll labelled XIOGOXTYTEO.
  1752 | D:1      | 1752 ||| READING scroll labelled ZUIMMA NOMOKO.
  1753 | D:1      | 1753 ||| READING scroll labelled SIFULU ZIBBIGHUH.
  1754 | D:1      | 1754 ||| DRINKING 2 fuming black potions.
  1853 | D:2      | Reached XP level 5. HP: 21/32 MP: 5/5
  1861 | D:2      | 1861 ||| FLEEEEING.
  1862 | D:2      | 1862 ||| FLEEEEING.
  1863 | D:2      | 1863 ||| FLEEEEING.
  1864 | D:2      | 1864 ||| FLEEEEING.
  1865 | D:2      | 1865 ||| FLEEEEING.
  2298 | D:2      | 2298 ||| Stepping ~*~*~tactically~*~*~ (stealth).
  2300 | D:2      | 2300 ||| Stepping ~*~*~tactically~*~*~ (stealth).
  2869 | D:2      | 2869 ||| READING scroll labelled ROGHEICEHI.
  2870 | D:2      | 2870 ||| READING scroll labelled PUGOTI IRIU.
  2871 | D:2      | 2871 ||| READING scroll labelled HODYKKOHIA.
  2872 | D:2      | 2872 ||| DRINKING 2 bubbling emerald potions.
  2873 | D:2      | 2873 ||| DRINKING 2 cyan potions.
  2874 | D:2      | 2874 ||| READING 8 scrolls of identify.
  2874 | D:2      | 2874 ||| IDENTIFYING bubbling grey potion
  2875 | D:2      | 2875 ||| DROPPING potion of degeneration.
  3024 | D:3      | You fall into a shaft and drop 2 floors!
  3173 | D:3      | 3173 ||| Stepping ~*~*~tactically~*~*~ (water).
  3244 | D:3      | 3244 ||| Stepping ~*~*~tactically~*~*~ (stealth).
  3246 | D:3      | 3246 ||| Stepping ~*~*~tactically~*~*~ (stealth).
  3250 | D:3      | 3250 ||| Stepping ~*~*~tactically~*~*~ (hiding).
  3367 | D:3      | 3367 ||| DROPPING +0 whip.
  3529 | D:3      | Found an ornate altar of the Wu Jian Council.
  3919 | D:3      | Reached skill level 5 in Axes
  4099 | D:3      | 4099 ||| UPGRADING to +0 plate armour.
  4109 | D:3      | 4109 ||| DROPPING +0 ring mail.
  4152 | D:4      | Noticed a black bear
  4163 | D:4      | Reached XP level 6. HP: 33/37 MP: 6/6
  4172 | D:4      | Killed a black bear
  4173 | D:4      | Reached skill level 3 in Armour
  4284 | D:4      | Found a staircase to the Ecumenical Temple.
  4299 | D:4      | 4299 ||| PLANNING TEMPLE
  4299 | D:4      | 4299 ||| READING 8 scrolls of identify.
  4299 | D:4      | 4299 ||| IDENTIFYING grey potion
  4300 | D:4      | 4300 ||| READING 7 scrolls of identify.
  4300 | D:4      | 4300 ||| IDENTIFYING coppery potion
  4301 | D:4      | 4301 ||| DROPPING potion of ambrosia.
  4302 | D:4      | 4302 ||| DROPPING potion of attraction.
  4307 | Temple   | Entered the Ecumenical Temple
  4336 | Temple   | 4336 ||| PLANNING D:1-11
  4554 | D:4      | 4554 ||| Stepping ~*~*~tactically~*~*~ (stealth).
  4555 | D:4      | 4555 ||| Stepping ~*~*~tactically~*~*~ (stealth).
  4569 | D:4      | Reached XP level 7. HP: 37/43 MP: 7/7
  4747 | D:4      | Found an iron altar of Okawaru.
  4753 | D:4      | 4753 ||| DROPPING amulet of magic regeneration.
  4754 | D:4      | 4754 ||| READING 6 scrolls of identify.
  4754 | D:4      | 4754 ||| IDENTIFYING clear potion
  4760 | D:4      | Became a worshipper of Warmaster Okawaru
  4793 | D:5      | 4793 ||| STAIRDANCE
  4863 | D:5      | 4863 ||| STAIRDANCE
  4934 | D:5      | 4934 ||| STAIRDANCE
  5059 | D:5      | 5059 ||| SWAPPING to +0 hand axe of flaming.
  5060 | D:5      | 5060 ||| DROPPING +0 flail.
  5061 | D:5      | 5061 ||| DROPPING +1 hand axe.
  5077 | D:5      | 5077 ||| Stepping ~*~*~tactically~*~*~ (stealth).
  5078 | D:5      | 5078 ||| Stepping ~*~*~tactically~*~*~ (hiding).
  5080 | D:5      | 5080 ||| Stepping ~*~*~tactically~*~*~ (stealth).
  5100 | D:5      | HP: 8/43 [gnoll/+0 club[a gnoll bouda] (4)]
  5101 | D:5      | 5101 ||| READING scroll of teleportation.
  5102 | D:5      | 5102 ||| DRINKING potion of heal wounds.
  5317 | D:5      | Reached skill level 6 in Axes
  5333 | D:5      | Found a radiant altar of Vehumet.
  5335 | D:5      | 5335 ||| Stepping ~*~*~tactically~*~*~ (hiding).
  5603 | D:5      | 5603 ||| Stepping ~*~*~tactically~*~*~ (stealth).
  5605 | D:5      | 5605 ||| Stepping ~*~*~tactically~*~*~ (hiding).
  5821 | D:5      | Noticed Ijyb
  5822 | D:5      | 5822 ||| Stepping ~*~*~tactically~*~*~ (stealth).
  5858 | D:5      | Reached XP level 8. HP: 48/48 MP: 8/8
  5887 | D:5      | Reached skill level 7 in Axes
  6006 | D:5      | Found a broken altar of Ashenzari.
  6008 | D:5      | Found a snail-covered altar of Cheibriados.
  6125 | D:5      | 6125 ||| Stepping ~*~*~tactically~*~*~ (stealth).
  6135 | D:5      | Reached * piety under Okawaru
  6142 | D:5      | 6142 ||| INVOKING Heroism.
  6154 | D:5      | Reached skill level 1 in Invocations
  6339 | D:5      | 6339 ||| SWAPPING to +2 hand axe of freezing.
  6378 | D:5      | 6378 ||| INVOKING Heroism.
  6611 | D:5      | Reached skill level 3 in Invocations
  6787 | D:5      | 6787 ||| Stepping ~*~*~tactically~*~*~ (stealth).
  6789 | D:5      | 6789 ||| Stepping ~*~*~tactically~*~*~ (hiding).
  6790 | D:5      | 6790 ||| Stepping ~*~*~tactically~*~*~ (hiding).
  6794 | D:5      | 6794 ||| INVOKING Heroism.
  6804 | D:5      | 6804 ||| DRINKING potion of curing.
  6804 | D:5      | 6804 ||| (to cure confusion)
  6809 | D:5      | Killed Ijyb
  6903 | D:5      | 6903 ||| INVOKING Heroism.
  6951 | D:5      | 6951 ||| SWAPPING to +0 war axe.
  6952 | D:5      | 6952 ||| DROPPING +2 hand axe of freezing.
  6953 | D:5      | 6953 ||| READING scroll of enchant weapon.
  6953 | D:5      | 6953 ||| ENCHANTING +0 war axe.
  7000 | D:5      | 7000 ||| UPGRADING to +0 pair of gloves.
  7005 | D:5      | 7005 ||| DROPPING ring of wizardry.
  7006 | D:5      | 7006 ||| UPGRADING to +4 ring of protection.
  7064 | D:6      | 7064 ||| INVOKING Heroism.
  7175 | D:6      | 7175 ||| INVOKING Heroism.
  7182 | D:6      | Reached ** piety under Okawaru
  7183 | D:6      | Reached skill level 8 in Axes
  7183 | D:6      | Reached XP level 9. HP: 44/54 MP: 9/12
  7193 | D:6      | HP: 12/54 [ogre/+0 giant club (14)]
  7195 | D:6      | HP: 4/54 [ogre/+0 giant club (9)]
  7215 | D:6      | 7215 ||| FLEEEEING.
  7216 | D:6      | 7216 ||| FLEEEEING.
  7217 | D:6      | 7217 ||| FLEEEEING.
  7218 | D:6      | 7218 ||| FLEEEEING.
  7219 | D:6      | 7219 ||| FLEEEEING.
  7220 | D:6      | 7220 ||| FLEEEEING.
  7221 | D:6      | 7221 ||| FLEEEEING.
  7222 | D:6      | 7222 ||| FLEEEEING.
  7223 | D:6      | 7223 ||| FLEEEEING.
  7224 | D:6      | 7224 ||| FLEEEEING.
  7225 | D:6      | 7225 ||| FLEEEEING.
  7226 | D:6      | 7226 ||| FLEEEEING.
  7228 | D:6      | 7228 ||| FLEEEEING.
  7229 | D:6      | 7229 ||| STAIRDANCE
  7481 | D:6      | 7481 ||| INVOKING Heroism.
  7487 | D:6      | 7487 ||| STAIRDANCE
  7660 | D:6      | Found a stormy altar of Qazlal.
  7746 | D:6      | 7746 ||| INVOKING Heroism.
  7748 | D:6      | Reached skill level 6 in Fighting
  8495 | D:7      | Found a runed translucent door.
  8496 | D:7      | Noticed Crazy Yiuf
  8534 | D:7      | 8534 ||| READING scroll of teleportation.
  8538 | D:7      | 8538 ||| INVOKING Heroism.
  8544 | D:7      | HP: 13/55 [sky beast (1)]
  8546 | D:7      | Reached skill level 9 in Axes
  8783 | D:7      | Identified the +4 scale mail of Boqotisicu {+Blink rN+
                  | Dex-2}
  8915 | D:7      | 8915 ||| Stepping ~*~*~tactically~*~*~ (stealth).
  8917 | D:7      | 8917 ||| Stepping ~*~*~tactically~*~*~ (hiding).
  8919 | D:7      | 8919 ||| INVOKING Heroism.
  8925 | D:7      | 8925 ||| Stepping randomly (cloudy).
  8926 | D:7      | 8926 ||| Stepping randomly (cloudy).
  8927 | D:7      | 8927 ||| Stepping randomly (cloudy).
  8933 | D:7      | Reached *** piety under Okawaru
  9015 | D:7      | Found a shimmering blue altar of Sif Muna.
  9015 | D:7      | Found a glowing silver altar of Zin.
  9015 | D:7      | Found a shadowy altar of Dithmenos.
  9024 | D:7      | Found a blossoming altar of Fedhas.
  9026 | D:7      | Found an opulent altar of Gozag.
  9027 | D:7      | Found a sacrificial altar of Ru.
  9029 | D:7      | Found a glowing golden altar of the Shining One.
  9033 | D:7      | Found a shimmering altar of Xom.
  9034 | D:7      | Found an ancient bone altar of Kikubaaqudgha.
  9041 | D:7      | 9041 ||| Stepping ~*~*~tactically~*~*~ (hiding).
  9044 | D:7      | 9044 ||| INVOKING Heroism.
  9271 | D:7      | 9271 ||| INVOKING Heroism.
  9347 | D:7      | 9347 ||| READING scroll of teleportation.
  9380 | D:7      | 9380 ||| INVOKING Heroism.
  9391 | D:7      | Reached skill level 6 in Armour
  9444 | D:7      | 9444 ||| Stepping randomly (stuck).
  9445 | D:7      | 9445 ||| Stepping randomly (stuck).
  9446 | D:7      | 9446 ||| Stepping randomly (cloudy).
  9449 | D:7      | HP: 14/57 [something (2)]
  9451 | D:7      | HP: 2/57 [something (12)]
  9476 | D:7      | Engulfed by a cloud of flame

Levels and vault maps discovered:
D:1:      wander_arrival_estate, layout_basic,
          ebering_ecumenical_altar_abandoned, serial_bayou_pond_a, minivault_27
D:2:      minmay_kobold_bridge, layout_basic, nicolae_hexahallways,
          minmay_octomino_e4
D:3:      layout_loops_ring, nzn_wu_jian_council_hall, serial_bayou,
          serial_bayou_ford_a, serial_bayou_pond_d, serial_bayou_pond_a,
          serial_bayou_lake_a, nrook_uturn, item_on_display_a
D:4:      layout_loops_ring, lemuel_coloured_pillars_altar, temple_statues,
          serial_forest, infiniplex_forest_lined_ring,
          infiniplex_forest_zigzag_1, infiniplex_forest_straight_2,
          infiniplex_forest_lined_ring, infiniplex_forest_clump_C,
          infiniplex_forest_lined_2
D:5:      minmay_inner_zag, layout_basic, vehumet_altar_wand_db,
          chequers_temple_overflow_statue_of_worship, uniq_ijyb
D:6:      layout_cave_pools, mainiacjoe_overflow_boulevard
D:7:      layout_basic, nicolae_overflow_hallway_of_the_gods,
          lemuel_flamethrower_2, uniq_crazy_yiuf_cottage
Temple:   corrupted_temple

Skill      XL: |  1  2  3  4  5  6  7  8  9 |
---------------+----------------------------+-----
Axes           | 2 3 4 5 6 8 9 |  9.0
Armour         | 1 2 3 4 6 |  6.2
Throwing       | 1 2 |  2.0
Fighting       | 4 5 7 |  7.1
Invocations    | 4 |  4.1
Dodging        | |  1.5
Stealth        | |  5.4

Action                   |  1- 3 |  4- 6 |  7- 9 || total
-------------------------+-------+-------+-------++-------
Melee: Hand axe          |    25 |   214 |   201 ||   440
       Punch             |       |     2 |     6 ||     8
       War axe           |       |       |   126 ||   126
Throw: Javelin           |       |    48 |    22 ||    70
Invok: Heroism           |       |       |    13 ||    13
  Use: Scroll            |       |    11 |     5 ||    16
       Potion            |       |     3 |     2 ||     5
 Stab: Distracted        |       |     1 |       ||     1
       Sleeping          |       |     1 |       ||     1
Armor: Leather armour    |    13 |     2 |       ||    15
       Ring mail         |       |    67 |       ||    67
       Plate armour      |       |    47 |   241 ||   288
Dodge: Dodged            |    18 |    80 |    92 ||   190

Table legend:
 A = Non-vault XP
 B = Vault XP
 C = Vault XP percentage of total XP
 D = Non-vault monster count
 E = Vault monster count
 F = Vault count percentage of total count
                 A         B        C        D         E       F
            +---------+---------+-------+---------+---------+-------
      Total |    4136 |     289 |   6.5 |     127 |      14 |   9.9
            +---------+---------+-------+---------+---------+-------
        D:1 |      42 |       0 |   0.0 |      27 |       0 |   0.0
        D:2 |      15 |      27 |  64.3 |       6 |       8 |  57.1
        D:3 |      72 |       0 |   0.0 |      18 |       0 |   0.0
        D:4 |     579 |       0 |   0.0 |      18 |       0 |   0.0
        D:5 |    1035 |     262 |  20.2 |      21 |       6 |  22.2
        D:6 |    1239 |       0 |   0.0 |      20 |       0 |   0.0
        D:7 |    1154 |       0 |   0.0 |      17 |       0 |   0.0
            +---------+---------+-------+---------+---------+-------
